 Dungeon Crawl Stone Soup version 0.31-a0-1074-g0b22e4e0f1 (webtiles) character file.

Game seed: 5107439239226897420

4589 lynx4198 the Spear-Bearer (level 10, 0/88 HPs)
             Began as a Minotaur Fighter on Dec 1, 2023.
             Constricted to death by Erica (3 damage)
             ... on level 8 of the Dungeon on Dec 2, 2023.
             The game lasted 00:36:23 (6759 turns).

lynx4198 the Spear-Bearer (Minotaur Fighter)        Turns: 6759, Time: 00:36:23

Health: 0/88       AC: 16    Str: 25    XL:     10   Next: 18%
Magic:  9/9        EV:  5    Int:  5    God:
Gold:   375        SH:  5    Dex: 10    Spells: 9/9 levels left

rFire   . . .        C - +2 halberd (flame)
rCold   . . .        (shield currently unavailable)
rNeg    . . .        D - +0 plate armour
rPois   .            (helmet restricted)
rElec   .            o - +0 cloak
rCorr   .            (no gloves)
SInv    .            m - +0 pair of boots
Will    .....        t - amulet of reflection Stlth
                     B - +4 ring of slaying
HPRegen 0.34/turn    (no ring)
MPRegen 0.11/turn

%: reflection
@: about to teleport, slowed, constricted, very slow
A: horns 2, retaliatory headbutt
a: no special abilities


You were on level 8 of the Dungeon.
You visited 1 branch of the dungeon, and saw 7 of its levels.

You collected 375 gold pieces.

Inventory:

Hand Weapons
 x - a +1 whip of venom
 C - a +2 halberd of flaming (weapon)
Armour
 c - a +0 buckler
 m - a +0 pair of boots (worn)
 o - a +0 cloak (worn)
 D - a +0 plate armour (worn)
Jewellery
 t - an amulet of reflection (around neck)
 B - a +4 ring of slaying (left hand)
 G - an amulet of guardian spirit
Talismans
 n - a beast talisman
Wands
 b - a wand of flame (17)
 y - a wand of charming (8)
 F - a wand of mindburst (16)
Scrolls
 h - 2 scrolls of identify
 i - a scroll of silence {unknown}
 j - 4 scrolls of fog
 k - 2 scrolls of blinking {unknown}
 l - 2 scrolls of fear {unknown}
 p - a scroll of enchant weapon {unknown}
 r - 3 scrolls of teleportation
 s - a scroll of enchant armour {unknown}
 w - a scroll of torment {unknown}
 z - 3 scrolls of noise
 E - a scroll of poison {unknown}
Potions
 a - 3 potions of cancellation {unknown}
 d - 3 potions of might
 e - 2 potions of curing {unknown}
 f - 2 potions of haste {unknown}
 g - a potion of heal wounds {unknown}
 q - 2 potions of berserk rage {unknown}
 u - 3 potions of magic {unknown}
 v - a potion of attraction {unknown}
 A - 4 potions of brilliance {unknown}
 H - a potion of ambrosia {unknown}
 I - a potion of mutation {unknown}
 J - a potion of invisibility {unknown}


   Skills:
 + Level 7.6 Fighting
 + Level 8.6(10.7) Axes
 + Level 10.0(11.3) Polearms
 + Level 8.5 Armour
 + Level 3.1 Dodging
 + Level 0.4 Stealth
 + Level 6.6 Shields


You had 9 spell levels left.
You didn't know any spells.
Your spell library contained the following spells:

 Spells                   Type           Power      Damage    Failure   Level
 Necrotise                Necr           0%         1d4       99%         1
 Poisonous Vapours        Pois/Air       0%         N/A       100%        2
 Mephitic Cloud           Conj/Pois/Air  0%         N/A       100%        3
 Vampiric Draining        Necr           0%         2d6       100%        3
 Passage of Golubria      Tloc           0%         N/A       100%        4
 Vhi's Electric Charge    Tloc/Air       0%         N/A       100%        4
 Agony                    Necr           0%         N/A       100%        5
 Arcjolt                  Conj/Air       0%         1d10      100%        5
 Freezing Cloud           Conj/Ice/Air   0%         6-21      100%        5
 Silence                  Hex/Air        0%         N/A       100%        5
 Plasma Beam              Fire/Air       0%         2x1d10    100%        6
 Lehudib's Crystal Spear  Conj/Erth      0%         10d2      100%        8


Dungeon Overview and Level Annotations

Branches:
Dungeon (8/15)
 Temple: D:4-7         Lair: D:8-11

Altars:
Elyvilon
Gozag
Makhleb
Vehumet

Annotations:
D:8 Erica


Innate Abilities, Weirdness & Mutations

You have a pair of horns on your head.
You reflexively headbutt those who attack you in melee.


Message History

You closely miss something. You headbutt something!
You feel sick. You block something's attack.
You are constricted.
* * * LOW HITPOINT WARNING * * *
You miss something.
You feel sick.
You hear some strange, mumbled words.
You feel yourself slow down.
You are constricted.
* * * LOW HITPOINT WARNING * * *
You barely miss something.
You feel sick. Something hits you but does no damage.
You are constricted.
You closely miss something.
You feel sick. Something hits you but does no damage.
You are constricted.
* * * LOW HITPOINT WARNING * * *
You hit something. You burn something. Your headbutt misses something.
You feel sick.
You are no longer poisoned.
Something hits you but does no damage.
You are constricted.
* * * LOW HITPOINT WARNING * * *
Something hits you.
* * * LOW HITPOINT WARNING * * *
Something burns you.
* * * LOW HITPOINT WARNING * * *
You are constricted.
Erica's grasp on you weakens, but your attempt to escape fails.
Something hits you.
* * * LOW HITPOINT WARNING * * *
Something burns you.
* * * LOW HITPOINT WARNING * * *
You are constricted.
As you read the scroll of teleportation, it crumbles to dust.
You feel strangely unstable. Something hits you.
* * * LOW HITPOINT WARNING * * *
Something burns you.
* * * LOW HITPOINT WARNING * * *
You are constricted.
Something hits you but does no damage.
You are constricted.
You miss something. You headbutt something!
You hear some strange, mumbled words.
You feel as though you will be slow longer.
You are constricted.
You die...

#.. ######## #.#
#.#......# #.# #.#......#
#.# #####.#......#
######.###...#.#......#
#............#.#......#
#............#.#......#
##............#.#......#
...............)@........
#..........####{.<.....##
#.......~..# ###......#
#).........# ########
#.########## ... ....
..... .....#


There were no monsters in sight!

Vanquished Creatures
  A two-headed ogre (D:8)
  Pikel (D:7)
  Jeremiah (D:7)
  Psyche (D:8)
  Maggie (D:7)
  A wyvern (D:8)
  2 water moccasins
  2 orc warriors
  An ice beast (D:5)
  A sky beast (D:7)
  4 black bears
  An ogre (D:6)
  3 centaurs
  A phantom (D:5)
  3 bullfrogs
  2 scorpions
  2 howler monkeys
  4 hounds
  4 jellies
  3 orc priests
  A gnoll bouda (D:6)
  A sleepcap (D:8)
  3 iguanas
  8 orc wizards
  5 adders
  8 gnolls (D:6)
  A white imp (D:6)
  2 ufetubi (D:6)
  2 worms
  A dart slug (D:1)
  20 orcs
  5 ball pythons
  6 endoplasms
  5 giant cockroaches
  A hobgoblin (D:1)
  7 jackals
  5 kobolds
  6 quokkas
  A bat (D:1)
  9 frilled lizards
  10 goblins
  9 rats
155 creatures vanquished.

Vanquished Creatures (others)
  A jackal (D:1)
1 creature vanquished.

Grand Total: 156 creatures vanquished

Notes
Turn   | Place    | Note
-------+----------+-------------------------------------------
     0 | D:1      | lynx4198 the Minotaur Fighter began the quest for the Orb.
     0 | D:1      | Reached XP level 1. HP: 19/19 MP: 0/0
    41 | D:1      | Found a large runed translucent door.
    41 | D:1      | Found a large runed translucent door.
    90 | D:1      | Reached XP level 2. HP: 27/27 MP: 1/1
   918 | D:1      | Reached XP level 3. HP: 14/33 MP: 2/2
  1526 | D:2      | Found a faded altar of an unknown god.
  1735 | D:2      | Reached XP level 4. HP: 37/40 MP: 3/3
  2370 | D:3      | Found a burning altar of Makhleb.
  2454 | D:3      | Reached XP level 5. HP: 46/46 MP: 4/4
  2847 | D:3      | Reached skill level 5 in Axes
  3096 | D:3      | You fall into a shaft and drop 2 floors!
  3096 | D:5      | Entered Level 5 of the Dungeon
  3123 | D:5      | Noticed a black bear
  3129 | D:5      | Killed a black bear
  3130 | D:5      | Reached skill level 5 in Armour
  3130 | D:5      | Reached skill level 1 in Dodging
  3130 | D:5      | Reached XP level 6. HP: 52/53 MP: 5/5
  3193 | D:5      | Noticed an ice beast
  3202 | D:5      | Killed an ice beast
  3237 | D:5      | Noticed a water moccasin
  3243 | D:5      | Killed a water moccasin
  3244 | D:5      | Reached XP level 7. HP: 54/60 MP: 6/6
  3274 | D:5      | Reached skill level 5 in Fighting
  3369 | D:5      | Reached skill level 5 in Shields
  3685 | D:5      | Found an opulent altar of Gozag.
  3936 | D:6      | Reached XP level 8. HP: 55/68 MP: 7/7
  4424 | D:6      | Reached skill level 1 in Polearms
  4717 | D:6      | Reached skill level 2 in Polearms
  5103 | D:7      | Reached skill level 3 in Polearms
  5173 | D:7      | Reached skill level 4 in Polearms
  5266 | D:7      | Noticed Pikel
  5272 | D:7      | Killed Pikel
  5273 | D:7      | Reached skill level 6 in Polearms
  5273 | D:7      | Reached XP level 9. HP: 75/77 MP: 8/8
  5290 | D:7      | Noticed Maggie
  5301 | D:7      | Killed Maggie
  5302 | D:7      | Reached skill level 7 in Polearms
  5407 | D:7      | Noticed Jeremiah
  5474 | D:7      | Killed Jeremiah
  5475 | D:7      | Reached skill level 8 in Polearms
  5482 | D:7      | Found a radiant altar of Vehumet.
  6012 | D:7      | Found a white marble altar of Elyvilon.
  6054 | D:8      | Noticed Psyche
  6060 | D:8      | Killed Psyche
  6354 | D:8      | Reached skill level 9 in Polearms
  6683 | D:8      | Reached XP level 10. HP: 86/86 MP: 9/9
  6688 | D:8      | Noticed a two-headed ogre
  6695 | D:8      | Killed a two-headed ogre
  6696 | D:8      | Reached skill level 10 in Polearms
  6732 | D:8      | Noticed Erica
  6758 | D:8      | HP: 3/88 [something (2)]
  6759 | D:8      | Constricted to death by Erica

Illustrated notes

Levels and vault maps discovered:
D:1:      erik_arrival_cave_to_civilisation [erik_arrival_cave_to_temple],
          layout_basic
D:2:      layout_basic, dilly_ecumenical_altar_fadedgnrine, minivault_14
D:3:      layout_loops_corners, bloody_makhleb, hellmonk_ghost_happy_afterlife
D:5:      layout_cave_pools, mainiacjoe_overflow_alcove_1
D:6:      layout_basic
D:7:      layout_basic, mainiacjoe_overflow_catwalk,
          lemuel_coloured_pillars_altar, uniq_pikel, uniq_jeremiah, uniq_maggie
D:8:      layout_basic, david_lair_shrubbed, uniq_erica, uniq_psyche,
          uniq_gastronok

Skill      XL: |  1  2  3  4  5  6  7  8  9 10 |
---------------+-------------------------------+-----
Shields        | 4 5 6 |  6.6
Armour         | 4 5 6 7 8 |  8.5
Fighting       | 4 5 6 7 |  7.6
Axes           | 3 4 5 6 7 8 |  8.6
Dodging        | 1 2 3 |  3.1
Polearms       | 6 9 10 | 10.0
Stealth        | |  0.4

Action                     |  1- 3 |  4- 6 |  7- 9 | 10-12 || total
---------------------------+-------+-------+-------+-------++-------
  Melee: War axe           |    89 |   123 |    43 |       ||   255
         Headbutt          |    16 |    17 |    15 |     4 ||    52
         Halberd           |       |       |   105 |    24 ||   129
    Use: Scroll            |       |       |       |     4 ||     4
 Armour: Scale mail        |    63 |    89 |    44 |       ||   196
         Plate armour      |       |       |    75 |    18 ||    93
  Dodge: Dodged            |    41 |    47 |    60 |     6 ||   154
  Block: Buckler           |    20 |    54 |    32 |       ||   106
         Reflection        |       |     5 |     3 |       ||     8
         Other             |       |       |    22 |     4 ||    26

Table legend: (Time is in decaauts)
 A = Elapsed time spent in this place.
 B = Non-inter-level travel time spent in this place.
 C = Inter-level travel time spent in this place.
 D = Time resting spent in this place.
 E = Time spent auto-exploring this place.
 F = Levels seen in this place.
 G = Mean time per level.
                   A        B        C        D        E       F      G
               +--------+--------+--------+--------+--------+-----+--------+
         Total |   6850 |   6605 |    245 |    989 |   4537 |   7 |  978.6 |
       Dungeon |   6850 |   6605 |    245 |    989 |   4537 |   7 |  978.6 |
               +--------+--------+--------+--------+--------+-----+--------+

Top non-repeatable levels by time:
     D:1: 1204 daAuts
     D:6: 1201 daAuts
     D:2: 1040 daAuts
     D:7: 976 daAuts
     D:3: 914 daAuts
     D:5: 804 daAuts
     D:8: 708 daAuts
